 Dungeon Crawl Stone Soup version 0.28.0-45-g0d030f2227 (webtiles) character file.

Game seed: 5065272291645110158

709 billz999 the Covert (level 7, -4/46 HPs)
             Began as a Vampire Earth Elementalist on Feb 6, 2022.
             Was an Initiate of Hepliaklqana.
             Slain by a gnoll sergeant
             ... wielding a +0 spear
              (9 damage)
             ... on level 5 of the Dungeon on Apr 15, 2022.
             The game lasted 00:16:27 (4217 turns).

billz999 the Covert (Vampire Earth Elementalist)    Turns: 4217, Time: 00:16:28

Health: -4/46      AC:  3    Str:  7    XL:     7   Next: 40%
Magic:  11/11      EV: 12    Int: 19    God:    Hepliaklqana [......]
Gold:   94         SH:  0    Dex: 15    Spells: 6/11 levels left

rFire   . . .      SeeInvis +   o - +1 dagger (vamp)
rCold   . . .      Faith    .   (no shield)
rNeg    . . .      Spirit   .   b - +0 robe
rPois   .          Reflect  .   e - +0 helmet
rElec   .          Harm     .   (no cloak)
rCorr   .          Rampage  .   (no gloves)
Will    .....                   (no boots)
Stlth   ++++......              (no amulet)
HPRegen 0.35/turn               (no ring)
MPRegen 0.12/turn               (no ring)

@: healing quickly
A: alive, fangs 3, see invisible, vampiric 2
a: Exsanguinate, Renounce Religion


You were on level 5 of the Dungeon.
You worshipped Hepliaklqana.
Hepliaklqana was noncommittal.
You visited 1 branch of the dungeon, and saw 5 of its levels.

You collected 136 gold pieces.
You spent 42 gold pieces at shops.

Inventory:

Hand Weapons
 a - a +0 dagger
 l - a +1 dagger of draining
 o - a +1 vampiric dagger (weapon)
Missiles
 c - a stone
 d - 8 poisoned darts
Armour
 b - a +0 robe (worn)
 e - a +0 helmet (worn)
Scrolls
 f - 2 scrolls of enchant armour {unknown}
 g - 3 scrolls of identify {unknown}
 k - a scroll of fog {unknown}
 q - a scroll of fear {unknown}
Potions
 h - 3 potions of heal wounds {unknown}
 i - a potion of resistance {unknown}
 j - 4 potions of curing
 m - a potion of flight {unknown}
 n - a potion of might
 p - a potion of lignification {unknown}


   Skills:
 - Level 2.2 Short Blades
 - Level 2.1 Dodging
 - Level 8.0 Stealth
 + Level 2.7 Spellcasting
 + Level 4.5 Transmutations
 + Level 5.0 Earth Magic


You had 6 spell levels left.
You knew the following spells:

 Your Spells              Type           Power      Damage    Failure   Level
a - Sandblast             Erth           42%        2d11      1%          1
b - Petrify               Tmut/Erth      20%        N/A       22%         4

Your spell library contained the following spells:

 Spells                   Type           Power      Damage    Failure   Level
 Passwall                 Tmut/Erth      16%        N/A       3%          2
 Stone Arrow              Conj/Erth      24%        3d8       17%         3


Dungeon Overview and Level Annotations

Branches:
Dungeon (5/15)
 Temple: D:4-7

Altars:
Hepliaklqana
Uskayaw
Zin

Shops:
D:1 :   D:3 *

Annotations:
D:4 Pikel


Innate Abilities, Weirdness & Mutations

Your natural rate of healing is accelerated.
You have razor-sharp teeth.
You have supernaturally acute eyesight. (SInv)
You are afflicted with vampirism and can become a bat while bloodless.


Message History

Okay, then.
You completely miss the phantom. You hit the phantom but do no damage.
The phantom hits you but does no damage.
You hit the phantom but do no damage. The phantom closely misses you.
You closely miss the phantom. You bite the phantom, but do no damage.
The phantom misses you.
You hit the phantom but do no damage. The phantom hits you.
The orc closely misses you.
You hit the phantom but do no damage. The phantom hits you!
The phantom blinks!
You blink.
A gnoll sergeant and an orc priest come into view.
You are too injured to fight recklessly!
You are too injured to fight recklessly!
You are too injured to fight recklessly!
You are too injured to fight recklessly!
You are too injured to fight recklessly!
You are too injured to fight recklessly!
You are too injured to fight recklessly!
The gnoll sergeant shouts!
You hit the orc priest.
The orc priest is lightly wounded.
The phantom hits you.
You hit the orc priest but do no damage.
The orc priest is lightly wounded.
The orc priest closely misses you.
The gnoll sergeant hits you from afar with a +0 spear!
* * * LOW HITPOINT WARNING * * *
The phantom hits you.
* * * LOW HITPOINT WARNING * * *
You hit the orc priest.
You feel better.
The orc priest is moderately wounded.
The orc priest begins to cast a cantrip, but forgets the words!
The gnoll sergeant barely misses you.
Unknown command.
You hit the orc priest.
You feel better.
The orc priest is moderately wounded.
The phantom completely misses you. The orc priest barely misses you.
The gnoll sergeant hits you from afar with a +0 spear!
You die...

...##. #.. ##
##..#.##..# ..#
##.....#...##...
................
................
....#........... .
#...#......###....
#..........###........
##.......go@##........
..........W....#......
...........o......... .
.......!...##......##..
.........#o###.#.......
........##..#..........
.......................
.......#..##.#.........
.......##..###..###.#..


You could see a phantom, a gnoll sergeant, an orc priest, an orc wizard
(invisible) and an orc.

Vanquished Creatures
  Menkaure (D:4)
  A black bear (D:5)
  An ogre (D:4)
  2 lemures
  A water moccasin zombie (D:5)
  A water moccasin skeleton (D:5)
  A jelly (D:4)
  An orc priest (D:3)
  A centaur skeleton (D:2)
  A bullfrog skeleton (D:4)
  Natasha (twice) (D:4)
  Robin (D:4)
  2 adders
  2 worms
  8 orcs
  11 ball pythons
  4 endoplasms
  2 giant cockroaches
  15 goblins
  10 hobgoblins
  8 jackals
  3 kobolds
  6 quokkas
  8 bats
  3 frilled lizards
  7 rats
103 creatures vanquished.

Vanquished Creatures (others)
  33 fungi (D:3)
33 creatures vanquished.

Grand Total: 136 creatures vanquished

Notes
Turn   | Place    | Note
-------+----------+-------------------------------------------
     0 | D:1      | billz999 the Vampire Earth Elementalist began the quest for
                  | the Orb.
     0 | D:1      | Reached XP level 1. HP: 13/13 MP: 3/3
   185 | D:1      | Reached skill level 4 in Stealth
   244 | D:1      | Reached XP level 2. HP: 8/17 MP: 0/5
   571 | D:1      | Reached skill level 1 in Short Blades
   575 | D:1      | Reached skill level 5 in Stealth
   683 | D:1      | Found Wisie's Book Emporium.
  1036 | D:2      | Gained mutation: You are afflicted with vampirism and can
                  | become a bat while bloodless. [Vampire growth]
  1036 | D:2      | Reached XP level 3. HP: 12/21 MP: 6/6
  1597 | D:2      | Found a faded altar of an unknown god.
  1875 | D:3      | Upgraded the game from 0.28.0 to 0.28.0-1-gb440e238dd
  1964 | D:2      | Reached XP level 4. HP: 16/30 MP: 2/7
  2108 | D:2      | Learned a level 4 spell: Petrify
  2144 | D:3      | Found a hazy altar of Hepliaklqana.
  2163 | D:3      | Became a worshipper of Hepliaklqana the Forgotten
  2171 | D:3      | Reached skill level 6 in Stealth
  2179 | D:3      | Found a hide-covered altar of Uskayaw.
  2564 | D:3      | Reached XP level 5. HP: 17/35 MP: 6/8
  2707 | D:3      | Found Gugg's General Store.
  2717 | D:3      | Bought a potion of curing for 42 gold pieces
  2888 | D:4      | Noticed Natasha
  2900 | D:4      | Killed Natasha
  2936 | D:4      | Noticed an ogre
  3003 | D:4      | Killed an ogre
  3004 | D:4      | Reached skill level 7 in Stealth
  3101 | D:4      | Noticed Robin
  3121 | D:4      | Reached XP level 6. HP: 39/41 MP: 9/9
  3210 | D:4      | Killed Robin
  3320 | D:4      | Noticed Menkaure
  3328 | D:4      | Killed Menkaure
  3422 | D:4      | Reached skill level 8 in Stealth
  3514 | D:4      | Noticed Pikel
  3554 | D:4      | Noticed Natasha
  3591 | D:4      | Killed Natasha
  3905 | D:5      | Entered Level 5 of the Dungeon
  4005 | D:5      | Reached XP level 7. HP: 40/46 MP: 5/10
  4194 | D:5      | Reached skill level 5 in Earth Magic
  4208 | D:5      | Upgraded the game from 0.28.0-1-gb440e238dd to
                  | 0.28.0-45-g0d030f2227
  4215 | D:5      | HP: 1/46 [phantom (6)]
  4217 | D:5      | Slain by a gnoll sergeant

Illustrated notes

Levels and vault maps discovered:
D:1:      minmay_arrival_radiant_lines, layout_loops_ring, serial_shops,
          nicolae_shop_behind_doors
D:2:      layout_basic, dilly_ecumenical_altar_fadedgnrine
D:3:      layout_rooms, mainiacjoe_overflow_catch_the_wave,
          mainiacjoe_overflow_alcove_2, gup_sewer_entry_bowl, serial_shops,
          nicolae_shop_waterfront
D:4:      layout_basic, minmay_temple_entry_water_ring,
          ebering_dispersal_statue_hall, uniq_natasha, uniq_robin,
          uniq_menkaure, uniq_pikel
D:5:      layout_cave_pools, minmay_increasing_density, uniq_eustachio

Skill      XL: |  1  2  3  4  5  6  7 |
---------------+----------------------+-----
Stealth        | 4 5 6 7 8 |  8.0
Short Blades   | 1 2 |  2.2
Transmutations | 2 4 |  4.5
Earth Magic    | 4 5 |  5.0
Dodging        | |  2.1
Spellcasting   | |  2.7

Action                   |  1- 3 |  4- 6 |  7- 9 || total
-------------------------+-------+-------+-------++-------
Melee: Unarmed           |    13 |       |       ||    13
       Bite              |    14 |    24 |     7 ||    45
       Dagger            |    88 |   241 |    37 ||   366
       Punch             |     1 |     2 |       ||     3
 Cast: Sandblast         |    32 |    86 |     1 ||   119
 Abil: Exsanguinate      |     2 |       |       ||     2
       Revivify          |     1 |       |       ||     1
 Stab: Sleeping          |     7 |     3 |     1 ||    11
       Distracted        |       |     1 |       ||     1
Armor: Robe              |    34 |    65 |     6 ||   105
Dodge: Dodged            |    77 |   185 |    18 ||   280
